 Dungeon Crawl Stone Soup version 0.29-a0-330-g52719c12eb (webtiles) character file.

Game seed: 5628086558742576847

46 Iscandelvey the Vexing (level 3, 0/26 HPs)
             Began as a Demonspawn Arcane Marksman on Apr 26, 2022.
             Succumbed to an adder's poison
             ... on level 2 of the Dungeon.
             The game lasted 00:01:59 (1487 turns).

Iscandelvey the Vexing (Demonspawn Arcane Marksman) Turns: 1487, Time: 00:01:59

Health: 0/26       AC:  8    Str: 10    XL:     3   Next: 46%
Magic:  14/14      EV: 12    Int: 16    God:
Gold:   50         SH:  0    Dex: 13    Spells: 4/5 levels left

rFire   . . .      SeeInvis .   f - +4 mace
rCold   . . .      Faith    .   (no shield)
rNeg    . . .      Spirit   .   b - +0 robe
rPois   .          Reflect  .   (helmet restricted)
rElec   .          Harm     .   (no cloak)
rCorr   .          Rampage  .   (no gloves)
Will    .....                   (no boots)
Stlth   +.........              j - amulet of the acrobat
HPRegen 0.08/turn               l - ring of magical power
MPRegen 0.14/turn               (no ring)

@: lethally poisoned (0 -> -2), sanguine armoured
A: antennae 1, sanguine armour 1
a: no special abilities


You were on level 2 of the Dungeon.
You visited 1 branch of the dungeon, and saw 2 of its levels.

You collected 50 gold pieces.

Inventory:

Hand Weapons
 a - a +0 hunting sling
 f - a +4 mace (weapon)
Armour
 b - a +0 robe (worn)
Jewellery
 j - an amulet of the acrobat (around neck)
 l - a ring of magical power (left hand)
Scrolls
 c - a scroll of vulnerability
 e - a scroll of noise {unknown}
 g - a scroll of amnesia {unknown}
 h - 2 scrolls of fear {unknown}
 i - a scroll of fog {unknown}
 p - a scroll of teleportation {unknown}
Potions
 d - a potion of invisibility
 m - a potion of flight {unknown}
 n - a potion of ambrosia {unknown}
 o - a potion of might {unknown}


   Skills:
 - Level 1.4 Fighting
 - Level 2.0(2.1) Slings
 + Level 0.4(1.3) Throwing
 + Level 2.1 Dodging
 * Level 1.7 Spellcasting
 * Level 3.4 Hexes


You had 4 spell levels left.
You knew the following spells:

 Your Spells              Type           Power      Damage    Failure   Level
a - Slow                  Hex            48%        N/A       5%          1

Your spell library contained the following spells:

 Spells                   Type           Power      Damage    Failure   Level
 Inner Flame              Hex/Fire       6%         N/A       32%         3
 Portal Projectile        Hex/Tloc       12%        N/A       32%         3
 Cause Fear               Hex            6%         N/A       45%         4


Dungeon Overview and Level Annotations

Branches:
Dungeon (2/15)

Altars:


Innate Abilities, Weirdness & Mutations

You have a pair of small antennae on your head.
When seriously injured, your blood forms armour. (AC +6)


Message History

The adder poisons you! The adder bites you.
An adder is nearby!
You miss the adder.
You feel sick. The adder bites you.
Your blood congeals into armour.
The adder closely misses you.
An adder is nearby!
You hit the adder.
The adder is moderately wounded.
You feel sick.
The adder bites you but does no damage. x2
An adder is nearby!
You sock the adder!
The adder is almost dead.
You feel sick.
You are no longer poisoned.
The adder bites you.
You are poisoned.
The adder poisons you! The adder bites you.
You are lethally poisoned!
The adder poisons you!
You thump the adder!
You kill the adder!
* * * LOW HITPOINT WARNING * * *
You feel very sick.
* * * LOW HITPOINT WARNING * * *
You feel sick.
You see here an adder corpse.
* * * LOW HITPOINT WARNING * * *
You feel sick.
* * * LOW HITPOINT WARNING * * *
You feel sick.
* * * LOW HITPOINT WARNING * * *
You feel sick.
It was a potion of invisibility.
You fade into invisibility!
* * * LOW HITPOINT WARNING * * *
You feel sick.
It was a potion of cancellation.
Your magical effects are unravelling.
You feel magically purged.
You flicker back into view.
You die...

#.###.#.##.#
#. ##.#.# ..
##..# ##
#.#.# #.##.#
#.# #†# #.
#.# # #.#
#@# #.....#
#######


There were no monsters in sight!

Vanquished Creatures
  An adder (D:2)
  6 bats
  4 endoplasms
  5 goblins
  A hobgoblin (D:1)
  2 jackals (D:2)
  2 quokkas (D:1)
  3 ball pythons
  2 frilled lizards (D:2)
  7 kobolds
  3 rats
36 creatures vanquished.

Notes
Turn   | Place    | Note
-------+----------+-------------------------------------------
     0 | D:1      | Iscandelvey the Demonspawn Arcane Marksman began the quest
                  | for the Orb.
     0 | D:1      | Reached XP level 1. HP: 15/15 MP: 2/2
   430 | D:1      | Gained mutation: When seriously injured, your blood forms
                  | armour. (AC +6) [demonic ancestry]
   430 | D:1      | Reached XP level 2. HP: 21/21 MP: 3/3
   870 | D:1      | Found a faded altar of an unknown god.
  1154 | D:2      | Gained mutation: You have a pair of small antennae on your
                  | head. [demonic ancestry]
  1154 | D:2      | Reached XP level 3. HP: 26/26 MP: 5/5
  1486 | D:2      | HP: 1/26 [poisoned by an adder]
  1487 | D:2      | Succumbed to an adder's poison

Illustrated notes

Levels and vault maps discovered:
D:1:      dpeg_arrival_solitude, layout_rooms, ebering_ecumenical_altar_rust,
          hex_tiny
D:2:      layout_loops_ring

Skill      XL: |  1  2 |
---------------+-------+-----
Slings         | 2 |  2.0
Dodging        | 2 |  2.1
Fighting       | |  1.4
Throwing       | |  0.4
Spellcasting   | |  1.7
Hexes          | |  3.4

Action                   || total
-------------------------++-------
Melee: Mace              ||    72
 Fire: Hunting sling     ||     6
  Use: Potion            ||     2
 Stab: Sleeping          ||     2
Armor: Robe              ||    25
Dodge: Dodged            ||    55

Table legend: (Time is in decaauts)
 A = Elapsed time spent in this place.
 B = Non-inter-level travel time spent in this place.
 C = Inter-level travel time spent in this place.
 D = Time resting spent in this place.
 E = Time spent auto-exploring this place.
 F = Levels seen in this place.
 G = Mean time per level.
                   A        B        C        D        E       F      G
               +--------+--------+--------+--------+--------+-----+--------+
         Total |   1517 |   1455 |     62 |    201 |    979 |   2 |  758.5 |
       Dungeon |   1517 |   1455 |     62 |    201 |    979 |   2 |  758.5 |
               +--------+--------+--------+--------+--------+-----+--------+

Top non-repeatable levels by time:
     D:1: 934 daAuts
     D:2: 582 daAuts
